 Dungeon Crawl Stone Soup version 0.22-a0-480-g991dd4b (webtiles) character file.

16774 KillYourself the Severer (level 12, -3/112 HPs)
             Began as a Minotaur Berserker on June 16, 2018.
             Was a High Priest of Trog.
             Slain by an 11-headed hydra (7 damage)
             ... on level 3 of the Lair of Beasts.
             The game lasted 00:41:01 (10134 turns).

KillYourself the Severer (Minotaur Berserker)      Turns: 10134, Time: 00:41:03

Health: -3/112     AC: 18    Str: 26    XL:     12   Next: 13%
Magic:  11/11      EV: 10    Int:  4    God:    Trog [*****.]
Gold:   740        SH:  0    Dex: 11    Spells: 11/11 levels left

rFire    . . .     SeeInvis +   F - +1 battleaxe (distort)
rCold    + . .     Gourm    .   (shield currently unavailable)
rNeg     . . .     Faith    .   m - +1 plate armour
rPois    .         Spirit   .   (helmet restricted)
rElec    .         Reflect  .   i - +0 cloak
rCorr    .         Harm     .   (no gloves)
MR       .....                  (no boots)
Stlth    ..........             B - amulet of regeneration
HPRegen  0.68/turn              x - ring of see invisible
MPRegen  0.12/turn              (no ring)

@: berserk cooldown, slowed, very slow
A: retaliatory headbutt, horns 2, cold resistance 1
a: Berserk, Trog's Hand, Brothers in Arms, Renounce Religion


You were on level 3 of the Lair of Beasts.
You worshipped Trog.
Trog was extremely pleased with you.
You were not hungry.

You visited 3 branches of the dungeon, and saw 14 of its levels.
You also visited: Sewer.

You collected 740 gold pieces.

Inventory:

Hand Weapons
 a - a +1 hand axe
 j - a +0 vampiric war axe
 F - a +1 battleaxe of distortion (weapon)
 G - a +3 hand axe of electrocution
Armour
 b - a +0 animal skin
 d - a +0 ring mail
 i - a +0 cloak (worn)
 l - a +3 scale mail
 m - a +1 plate armour (worn)
 q - a +0 chain mail
Jewellery
 u - an uncursed ring of magical power
 x - a ring of see invisible (left hand)
 z - an uncursed amulet of faith
 B - an amulet of regeneration (around neck)
 J - an uncursed ring of resist corrosion {unknown}
 S - an uncursed ring of protection from magic {unknown}
Wands
 h - a wand of paralysis (25)
 o - a wand of disintegration (14)
 s - a wand of digging (7)
 y - a wand of polymorph (34)
 C - a wand of flame (52)
 H - a wand of clouds (6)
 L - a wand of acid (3)
Scrolls
 e - 4 scrolls of identify
 f - 7 scrolls of teleportation
 k - 3 scrolls of fear
 v - 3 scrolls of blinking
 w - 3 scrolls of remove curse
 E - 2 scrolls of magic mapping
 N - a scroll of enchant weapon
Potions
 g - 2 potions of berserk rage
 n - a potion of invisibility
 p - 2 potions of degeneration
 r - a potion of flight
 t - 3 potions of agility
 A - 4 potions of curing
 D - 2 potions of ambrosia
 I - a potion of haste {unknown}
 K - a potion of might
 M - a potion of heal wounds
 O - a potion of resistance {unknown}
 P - a potion of lignification {unknown}
 R - a potion of brilliance
Comestibles
 c - 18 rations


   Skills:
 + Level 11.9 Fighting
 + Level 15.0 Axes
 + Level 12.6 Armour
 + Level 5.7 Dodging
 + Level 1.5 Stealth


You had 11 spell levels left.
You didn't know any spells.
Your spell library was empty.

Dungeon Overview and Level Annotations

Branches:
Dungeon (10/15)            Temple (1/1) D:5            Lair (3/6) D:10
  Swamp: Lair:2-4    Shoals: Lair:2-4     Snake: Lair:2-4    Spider: Lair:2-4
    Orc: D:9-12

Altars:
Ashenzari
Cheibriados
Dithmenos
Elyvilon
Fedhas
Gozag
Hepliaklqana
Kikubaaqudgha
Makhleb
Nemelex Xobeh
Okawaru
Qazlal
Ru
Sif Muna
Trog
Uskayaw
Vehumet
Wu Jian
Xom
Yredelemnul
Zin
The Shining One


Innate Abilities, Weirdness & Mutations

You reflexively headbutt those who attack you in melee.
You have a pair of horns on your head.
Your flesh is cold resistant. (rC+)


Message History

The yak gores your ogre!
Your ogre closely misses the yak.
The yak gores your ogre! The yak barely misses you.
Your ogre hits the yak with a giant spiked club!
The yak completely misses your ogre. The yak gores you!
* * * LOW HITPOINT WARNING * * *
Your ogre hits the yak with a giant spiked club!!
The yak dies!
Trog accepts your kill.
Your ogre hits the yak with a giant spiked club!
Your ogre goes berserk!
You feel quite a bit more hungry.
Your ogre hits the yak with a giant spiked club!!
The 11-headed hydra bites you!
* * * LOW HITPOINT WARNING * * *
The 11-headed hydra bites you but does no damage.
The 11-headed hydra bites you!
* * * LOW HITPOINT WARNING * * *
The 11-headed hydra bites you!
You die...

.......†....................
...........#.####.#P##......
...........### #######.....
............## #.....
##.....##.....####
.............PP..#
........P.......P##.##
.............Y........
........#††O†D@.......
.............Y..O.....
.##.....†............
......................
..........(...........
....)....†.!..........
P.....................
P.##.#...##..#P###.##. #
########P.###


You could see a 11-headed hydra, 2 yaks and 2 friendly ogres.

Vanquished Creatures
  Harold (D:10)
  2 two-headed ogres (D:8)
  An unseen horror (D:10)
  Pikel (D:5)
  The ghost of Protee the Cleaver, a novice DsSk of Uskayaw (D:7)
  An oklob plant (D:6)
  4 spiny frogs
  A rime drake (Lair:2)
  2 komodo dragons
  A polar bear (Lair:3)
  3 blink frogs (Lair:3)
  The ghost of Pawles22 the Shield-Bearer, an amateur OpFi (D:5)
  A hippogriff (Lair:1)
  Sigmund (D:2)
  A wyvern (D:10)
  16 yaks
  A basilisk (Lair:1)
  A hungry ghost (D:8)
  Edmund (D:5)
  5 water moccasins
  5 porcupines
  2 black bears
  2 orc warriors
  Purgy (Sewer)
  An ice beast (D:6)
  A sky beast (D:6)
  2 necrophages
  A phantom (D:4)
  6 ogres
  4 wolves (Lair:2)
  3 centaurs
  6 crocodiles
  2 big kobolds
  2 gnoll sergeants (D:9)
  7 bullfrogs
  A scorpion (D:9)
  3 killer bees (D:10)
  3 wights (D:10)
  A howler monkey (D:8)
  A bullfrog zombie (D:9)
  3 crimson imps
  2 centaur zombies
  2 quasits
  4 orc priests
  3 bullfrog skeletons
  4 jellies
  5 hounds
  Ijyb (D:5)
  Natasha (thrice) (D:4)
  3 iguanas
  8 orc wizards
  4 worker ants
  A killer bee zombie (D:9)
  2 hound zombies
  2 hound skeletons
  A worker ant zombie (D:6)
  11 gnolls
  5 adders
  2 river rats (D:3)
  2 shadow imps
  2 oozes
  2 adder skeletons (D:4)
  4 worms
  2 dart slugs
  5 leopard geckos
  22 orcs
  10 giant cockroaches
  7 goblins
  10 hobgoblins
  11 jackals
  11 kobolds
  4 quokkas
  3 ball pythons
  6 bats
  7 frilled lizards
  17 rats
  2 bushes (D:6)
  2 butterflies (Lair:2)
  2 fungi
  19 plants
316 creatures vanquished.

Vanquished Creatures (collateral kills)
  2 yaks (Lair:3)
  An orc wizard (D:9)
  2 orcs (D:9)
5 creatures vanquished.

Vanquished Creatures (others)
  A spiny frog (Lair:1)
  A komodo dragon (Lair:2)
  2 yaks (Lair:1)
  A basilisk (Lair:2)
  A slave (D:5)
  A bullfrog (Lair:2)
  2 fungi
  2 plants (Lair:1)
11 creatures vanquished.

Grand Total: 332 creatures vanquished

Notes
Turn   | Place    | Note
-------+----------+-------------------------------------------
     0 | D:1      | KillYourself the Minotaur Berserker began the quest for the Orb.
     0 | D:1      | Reached XP level 1. HP: 19/19 MP: 0/0
   146 | D:1      | Reached XP level 2. HP: 24/27 MP: 1/1
   150 | D:1      | Reached skill level 4 in Axes
   544 | D:1      | Reached ** piety under Trog
   544 | D:1      | Reached XP level 3. HP: 30/33 MP: 2/2
   763 | D:2      | Noticed Sigmund
   778 | D:2      | Killed Sigmund
   778 | D:2      | Reached skill level 5 in Fighting
   778 | D:2      | Reached skill level 5 in Axes
   778 | D:2      | Reached XP level 4. HP: 8/42 MP: 3/3
   778 | D:2      | Reached XP level 5. HP: 9/48 MP: 4/4
  1110 | D:2      | Found a glowing golden altar of the Shining One.
  1256 | D:2      | Reached skill level 6 in Axes
  1256 | D:2      | Reached XP level 6. HP: 50/56 MP: 5/5
  1815 | D:3      | Reached *** piety under Trog
  1925 | D:3      | Found an ancient bone altar of Kikubaaqudgha.
  1926 | D:3      | Found a blossoming altar of Fedhas.
  2113 | D:3      | Received a gift from Trog
  2153 | D:3      | Found a glowing drain.
  2167 | Sewer    | Entered a sewer
  2173 | Sewer    | Noticed Purgy
  2179 | Sewer    | Killed Purgy
  2179 | Sewer    | Reached XP level 7. HP: 61/61 MP: 6/6
  2493 | D:3      | Found a stormy altar of Qazlal.
  2519 | D:3      | Reached skill level 7 in Axes
  2557 | D:3      | Found an ornate altar of the Wu Jian Council.
  2560 | D:3      | Found a shadowy altar of Dithmenos.
  2562 | D:3      | Found a shimmering altar of Xom.
  2564 | D:3      | Found a hazy altar of Hepliaklqana.
  2818 | D:4      | Found a hide-covered altar of Uskayaw.
  2818 | D:4      | Noticed a dagger
  2818 | D:4      | Noticed a hand axe
  2829 | D:3      | Gained mutation: Your body sometimes deteriorates upon taking damage. [potion of mutation]
  2829 | D:3      | Lost mutation: Your body sometimes deteriorates upon taking damage. [potion of mutation]
  2829 | D:3      | Gained mutation: Your flesh is cold resistant. (rC+) [potion of mutation]
  2897 | D:4      | Noticed Natasha
  2900 | D:4      | Killed Natasha
  2913 | D:4      | Found a bloodstained altar of Trog.
  2971 | D:4      | Reached skill level 5 in Armour
  2977 | D:4      | Noticed Natasha
  2984 | D:4      | Killed Natasha
  3151 | D:4      | Reached skill level 8 in Axes
  3386 | D:4      | Noticed Natasha
  3388 | D:4      | Killed Natasha
  3388 | D:4      | Reached XP level 8. HP: 68/68 MP: 7/7
  3490 | D:5      | Entered Level 5 of the Dungeon
  3490 | D:5      | Found a staircase to the Ecumenical Temple.
  3525 | D:5      | Noticed Edmund
  3535 | D:5      | Killed Edmund
  3551 | D:5      | Found an iron altar of Okawaru.
  3563 | D:5      | Reached skill level 1 in Stealth
  3587 | D:5      | Noticed Pikel
  3596 | D:5      | Killed Pikel
  3596 | D:5      | Reached skill level 9 in Axes
  3636 | D:5      | Noticed Pawles22's ghost (amateur OpFi)
  3642 | D:5      | Killed Pawles22's ghost
  3670 | D:5      | Found a deep blue altar of Sif Muna.
  3775 | D:5      | Reached XP level 9. HP: 72/76 MP: 8/8
  3805 | D:5      | Noticed Ijyb
  3819 | D:5      | Killed Ijyb
  3819 | D:5      | Reached skill level 10 in Axes
  3827 | D:5      | Reached skill level 5 in Dodging
  3941 | Temple   | Entered the Ecumenical Temple
  4304 | D:6      | Reached **** piety under Trog
  4382 | D:6      | Found a burning altar of Makhleb.
  4383 | D:6      | Noticed an Executioner
  4387 | D:6      | Noticed a hellwing
  4387 | D:6      | Noticed a hellwing
  4474 | D:6      | Found a blossoming altar of Fedhas.
  4494 | D:6      | Noticed an oklob plant
  5042 | D:6      | Killed an oklob plant
  5320 | D:7      | Reached skill level 11 in Axes
  5620 | D:7      | Noticed Protee's ghost (novice DsSk)
  5626 | D:7      | Killed Protee's ghost
  5712 | D:7      | Found a shattered altar of Ashenzari.
  5752 | D:7      | Reached XP level 10. HP: 78/90 MP: 9/9
  6131 | D:8      | Reached skill level 12 in Axes
  6411 | D:8      | Noticed a two-headed ogre
  6417 | D:8      | Killed a two-headed ogre
  6417 | D:8      | Reached skill level 10 in Armour
  6470 | D:8      | Noticed a two-headed ogre
  6474 | D:8      | Killed a two-headed ogre
  6474 | D:8      | Reached skill level 13 in Axes
  6993 | D:9      | Reached skill level 10 in Fighting
  7225 | D:9      | Reached XP level 11. HP: 95/100 MP: 10/10
  7311 | D:9      | Reached ***** piety under Trog
  7683 | D:10     | Entered Level 10 of the Dungeon
  7734 | D:10     | Noticed an unseen horror
  7744 | D:10     | Killed an unseen horror
  7843 | D:10     | Noticed Harold
  7867 | D:10     | Killed Harold
  7867 | D:10     | Reached skill level 14 in Axes
  7973 | D:10     | Found a staircase to the Lair.
  8143 | Lair:1   | Entered Level 1 of the Lair of Beasts
  9769 | Lair:3   | Reached XP level 12. HP: 112/112 MP: 11/11
  9875 | Lair:3   | Noticed an eight-headed hydra
 10094 | Lair:3   | Reached skill level 15 in Axes
 10134 | Lair:3   | HP: 4/112 [11-headed hydra (8)]
 10134 | Lair:3   | Slain by an 11-headed hydra

Vault maps used:
D:1:      minmay_arrival_jagged, minmay_misc_feat_nine_boxes
D:2:      tso_metal_star, uniq_sigmund
D:3:      grunt_temple_overflow_growth_and_decay, minitemple,
          lemuel_round_altar, portal_sewer_entry_e, serial_park_tiny_1
D:4:      dancing_weapons_uskayaw, marbit_many_paths, uniq_natasha
D:5:      lemuel_doored_altar, minmay_temple_entry_junction, first_ration,
          fountainhead, okawaru_ov_weapons_minmay, uniq_edmund, uniq_ijyb,
          uniq_pikel
D:6:      makhleb_altar_promises_db, tgw_fedhas
D:7:      evilmike_ruin_ashenzari
D:8:      blue_anna_alchemist, minivault_26
D:10:     lair_entry_dummy, david_greed, uniq_harold
Temple:   compressed_dpeg_triangle_lava_temple
Lair:2:   lemuel_fruit_fields
Lair:3:   lemuel_fruit_tree, grunt_megastairs_4
Sewer:    kennysheep_door_sewer

Skill      XL: |  1  2  3  4  5  6  7  8  9 10 11 12 |
---------------+-------------------------------------+-----
Axes           | 4 5 6 8 9 11 13 14 15 | 15.0
Fighting       | 4 5 6 8 10 11 | 11.9
Armour         | 4 5 7 9 10 12 | 12.6
Dodging        | 3 4 5 |  5.7
Stealth        | 1 |  1.5

Action                   |  1- 3 |  4- 6 |  7- 9 | 10-12 || total
-------------------------+-------+-------+-------+-------++-------
Melee: Hand axe          |    78 |   155 |   342 |       ||   575
       Headbutt          |    10 |    27 |   119 |    87 ||   243
       War axe           |       |       |    30 |   214 ||   244
       Battleaxe         |       |       |       |   185 ||   185
Invok: Berserk           |     1 |     1 |     8 |    10 ||    20
       Trog's Hand       |     1 |       |     1 |       ||     2
       Brothers in Arms  |       |       |       |     4 ||     4
  Use: Scroll            |       |     3 |     9 |     6 ||    18
       Potion            |       |     2 |     9 |     1 ||    12
 Stab: Sleeping          |       |       |     1 |       ||     1
  Eat: Chunk             |       |     6 |    16 |    12 ||    34
       Ration            |       |       |     1 |     6 ||     7
Armor: Ring mail         |    22 |    35 |    20 |       ||    77
       Animal skin       |     1 |       |       |       ||     1
       Chain mail        |       |       |    50 |       ||    50
       Plate armour      |       |       |    21 |   318 ||   339
Dodge: Dodged            |    46 |    92 |   108 |   185 ||   431

Table legend:
 A = Spawn XP
 B = Non-spawn XP
 C = Spawn XP percentage of total XP
 D = Spawn monster count
 E = Non-spawn monster count
 F = Spawn count percentage of total count
 G = Total turns spent on level
                    A         B        C        D         E        F      G
               +---------+---------+-------+---------+---------+-------+---------
         Total |       0 |   23963 |   0.0 |       0 |     302 |   0.0 | 10134
               +---------+---------+-------+---------+---------+-------+---------
           D:1 |       0 |      41 |   0.0 |       0 |      26 |   0.0 |   717
           D:2 |       0 |     424 |   0.0 |       0 |      33 |   0.0 |   873
           D:3 |       0 |     199 |   0.0 |       0 |      42 |   0.0 |  1043
           D:4 |       0 |     639 |   0.0 |       0 |      17 |   0.0 |   655
           D:5 |       0 |    1511 |   0.0 |       0 |      10 |   0.0 |   472
           D:6 |       0 |    1347 |   0.0 |       0 |      20 |   0.0 |  1016
           D:7 |       0 |    2286 |   0.0 |       0 |      26 |   0.0 |   814
           D:8 |       0 |    2735 |   0.0 |       0 |      16 |   0.0 |   854
           D:9 |       0 |    3071 |   0.0 |       0 |      43 |   0.0 |   716
          D:10 |       0 |    2519 |   0.0 |       0 |      15 |   0.0 |   460
        Lair:1 |       0 |    3719 |   0.0 |       0 |      19 |   0.0 |   886
        Lair:2 |       0 |    2457 |   0.0 |       0 |      13 |   0.0 |   693
        Lair:3 |       0 |    2877 |   0.0 |       0 |      16 |   0.0 |   412
         Sewer |       0 |     138 |   0.0 |       0 |       6 |   0.0 |   202
               +---------+---------+-------+---------+---------+-------+---------
